AoeStats
← Launger

Arena

508534625Analyzed
4v4 RM · 10d ago on Sep 22, 2026· 55m 6s· 8 players
Game mode
Random Map
Map size
Large (8 player)
Population
200
Speed
Normal
Resources
Standard
Victory
Conquest
Starting age
Dark Age
Ending age
Imperial Age
RankedLock teamsTeams togetherTeam positionsShared explorationLock speedFull tech treeHidden civsTurbo modeCheats
Victory
Defeat
🇹🇷 Byzantines · Türkiye
1280
+12
🇨🇳 Japanese · China
1236
+14
🇵🇱 Burgundians · Poland
1159
+17
🇬🇧 Goths · United Kingdom
1126
+19
🇦🇷 Random · Argentina
1265
-18
🇧🇷 Hindustanis · Brazil
1217
-17
🇺🇸 Random · United States
1209
-16
🇨🇦 Cumans · Canada
1083
-11
Krimzon
9:23 Feudal Age
10:11 Double-Bit Axe
10:07 Horse Collar
11:34 Man-at-Arms
16:23 Wheelbarrow
21:05 Castle Age
22:35 Bow Saw
22:26 Heavy Plow
25:49 Hand Cart
25:27 Gold Mining
30:55 Scale Mail Armor
31:06 Forging
30:56 Gambesons
31:12 Squires
34:14 Imperial Age
32:31 Chain Mail Armor
32:20 Stone Mining
33:06 Gold Shaft Mining
32:31 Arson
33:23 Iron Casting
34:23 Treadmill Crane
34:53 Masonry
34:23 Elite Varangian Guard
35:37 Plate Mail Armor
35:38 Shield Wall
36:41 Conscription
39:54 Fletching
41:56 Fortified Wall
42:47 Murder Holes
45:11 Bodkin Arrow
47:03 Bracer
The Wax
11:27 Feudal Age
16:00 Castle Age
14:06 Double-Bit Axe
14:03 Horse Collar
18:01 Bow Saw
17:53 Heavy Plow
18:59 Loom
20:47 Wheelbarrow
20:21 Gambesons
20:04 Man-at-Arms
21:05 Squires
28:51 Hand Cart
29:07 Fletching
29:28 Forging
29:20 Scale Mail Armor
29:24 Arson
34:14 Imperial Age
32:09 Gold Mining
33:01 Chain Mail Armor
33:21 Iron Casting
35:38 Conscription
35:50 Elite Varangian Guard
37:48 Blast Furnace
37:19 Plate Mail Armor
36:14 Elite Varangian Guard
37:28 Long Swordsman
39:59 Bodkin Arrow
40:29 Two-Handed Swordsman
41:17 Champion
43:12 Conscription
47:24 Bracer
54:14 Elite Skirmisher
55:01 Thumb Ring
54:59 Padded Archer Armor
FormigaMalukao
9:40 Feudal Age
10:10 Double-Bit Axe
11:26 Horse Collar
13:43 Wheelbarrow
14:18 Town Watch
17:24 Castle Age
15:59 Stone Mining
21:03 Husbandry
21:07 Gold Mining
22:33 Scale Barding Armor
24:16 Bloodlines
25:19 Bow Saw
26:33 Hand Cart
26:21 Heavy Plow
27:50 Chain Barding Armor
30:58 Imperial Age
28:17 Loom
29:19 Grand Trunk Road
30:15 Forging
31:32 Iron Casting
32:53 Gold Shaft Mining
33:45 Blast Furnace
32:53 Heavy Camel Rider
34:13 Ballistics
37:40 Plate Barding Armor
38:23 Conscription
38:05 Squires
37:51 Arson
38:07 Scale Mail Armor
39:20 Chain Mail Armor
40:07 Two-Man Saw
38:45 Imperial Camel Rider
40:41 Chemistry
43:23 Elite Ghulam
43:37 Light Cavalry
50:43 Hussar
54:11 Shatagni
TOE KNEE SAI
1:51 Loom
11:20 Feudal Age
11:57 Double-Bit Axe
12:20 Gold Mining
16:47 Wheelbarrow
26:24 Castle Age
25:38 Horse Collar
25:59 Stone Mining
26:27 Scale Mail Armor
28:13 Bow Saw
27:57 Pikeman
30:41 Hand Cart
33:51 Imperial Age
33:42 Heavy Plow
34:23 Capped Ram
37:33 Gold Shaft Mining
38:04 Two-Man Saw
37:38 Crop Rotation
39:18 Chain Mail Armor
39:13 Forging
39:15 Man-at-Arms
40:10 Cuman Mercenaries
40:15 Fletching
40:25 Padded Archer Armor
40:56 Plate Mail Armor
41:56 Murder Holes
42:22 Long Swordsman
44:45 Iron Casting
44:30 Halberdier
45:36 Town Watch
45:36 Two-Handed Swordsman
47:20 Blast Furnace
46:43 Squires
48:09 Onager
49:05 Bodkin Arrow
50:49 Champion
52:02 Elite Skirmisher
Marsman3354
9:43 Feudal Age
10:21 Double-Bit Axe
10:17 Horse Collar
11:35 Loom
16:48 Castle Age
18:41 Bow Saw
30:46 Imperial Age
29:06 Wheelbarrow
28:40 Heavy Plow
30:10 Scale Barding Armor
30:15 Forging
31:32 Gold Mining
32:34 Crop Rotation
32:21 Hand Cart
32:31 Conscription
33:08 Chain Barding Armor
34:59 Plate Barding Armor
36:53 Iron Casting
36:12 Fletching
36:38 Elite Cataphract
39:59 Two-Man Saw
39:45 Bodkin Arrow
39:50 Padded Archer Armor
40:17 Guilds
40:01 Capped Ram
40:21 Pikeman
41:04 Squires
40:46 Halberdier
42:09 Siege Ram
42:58 Scale Mail Armor
44:54 Logistica
47:10 Murder Holes
54:04 Chain Mail Armor
56:00 Plate Mail Armor
NoobPwner
0:26 Loom
10:31 Feudal Age
11:14 Double-Bit Axe
16:57 Castle Age
19:42 Wheelbarrow
21:08 Fervor
21:52 Hand Cart
21:19 Horse Collar
21:52 Bow Saw
27:27 Stone Mining
27:30 Gold Mining
28:49 Heavy Plow
33:04 Imperial Age
32:40 Forging
32:30 Scale Mail Armor
32:41 Masonry
32:52 Ballistics
32:28 Murder Holes
32:27 Treadmill Crane
33:08 Ballistics
32:44 Murder Holes
33:57 Iron Casting
33:26 Anarchy
34:42 Crop Rotation
35:13 Two-Man Saw
34:19 Squires
34:43 Conscription
33:43 Elite Huskarl
34:41 Chain Mail Armor
34:00 Pikeman
34:50 Halberdier
36:33 Blast Furnace
35:23 Fletching
37:23 Town Watch
44:54 Bodkin Arrow
45:31 Architecture
46:02 Chemistry
45:36 Architecture
45:30 Padded Archer Armor
46:37 Leather Archer Armor
47:08 Town Patrol
47:49 Ring Archer Armor
47:24 Bracer
Launger
10:03 Feudal Age
9:01 Double-Bit Axe
14:30 Castle Age
13:48 Bow Saw
13:21 Horse Collar
21:12 Scale Barding Armor
22:46 Man-at-Arms
28:58 Wheelbarrow
30:25 Cavalier
32:08 Hand Cart
31:43 Loom
34:36 Imperial Age
32:47 Padded Archer Armor
33:08 Chain Barding Armor
32:58 Forging
32:41 Fletching
32:45 Gold Mining
34:36 Ballistics
36:35 Chemistry
35:55 Leather Archer Armor
36:12 Coinage
36:23 Plate Barding Armor
35:48 Bodkin Arrow
36:29 Iron Casting
41:21 Scale Mail Armor
42:25 Blast Furnace
41:26 Bracer
42:16 Chain Mail Armor
41:22 Crossbowman
41:26 Long Swordsman
42:12 Squires
41:57 Arson
48:30 Paladin
49:13 Husbandry
EU _XING
10:44 Feudal Age
11:30 Double-Bit Axe
11:37 Town Watch
13:40 Loom
16:01 Castle Age
14:53 Horse Collar
29:44 Wheelbarrow
29:15 Heavy Plow
31:17 Gold Mining
34:52 Imperial Age
33:10 Fletching
33:21 Scale Mail Armor
33:55 Hand Cart
34:08 Bodkin Arrow
34:28 Forging
35:00 Chain Mail Armor
34:42 Murder Holes
34:28 Treadmill Crane
35:09 Pikeman
36:48 Iron Casting
37:42 Plate Mail Armor
38:19 Conscription
38:25 Gambesons
38:40 Squires
38:02 Man-at-Arms
39:45 Iron Casting
39:10 Bracer
39:11 Padded Archer Armor
38:59 Long Swordsman
39:59 Bow Saw
40:31 Gold Shaft Mining
39:47 Stone Mining
41:36 Blast Furnace
40:10 Two-Handed Swordsman
40:11 Halberdier
40:55 Champion
41:29 Arson
42:31 Ballistics
43:08 Leather Archer Armor
45:01 Ring Archer Armor
45:56 Town Patrol
46:11 Fortified Wall
47:02 Chemistry
45:48 Arrowslits
47:55 Two-Man Saw
47:25 Masonry
49:36 Elite Skirmisher
55:28 Scale Barding Armor
Connection lost

Rejoining the realm…

Still unreachable

The connection could not be restored.

Session expired

The server has moved on; the page needs a fresh start.